 Dungeon Crawl Stone Soup version 0.28.0-43-g3370ac3207 (webtiles) character file.

Game seed: 4534567409615100553

43 Kaptain the Digger (level 3, -3/20 HPs)
             Began as a Gargoyle Earth Elementalist on Mar 24, 2022.
             Slain by a goblin
             ... wielding a +0 club
             ... led by Robin
              (6 damage)
             ... on level 2 of the Dungeon.
             The game lasted 00:02:31 (1504 turns).

Kaptain the Digger (Gargoyle Earth Elementalist)    Turns: 1504, Time: 00:02:32

Health: -3/20      AC:  5    Str: 11    XL:     3   Next: 58%
Magic:  3/6        EV: 12    Int: 17    God:
Gold:   58         SH:  0    Dex: 10    Spells: 2/6 levels left

rFire   . . .      SeeInvis .   h - staff of air
rCold   . . .      Faith    .   (no shield)
rNeg    + . .      Spirit   .   b - +0 robe
rPois   ∞          Reflect  .   (no helmet)
rElec   +          Harm     .   (no cloak)
rCorr   .          Rampage  .   (no gloves)
Will    .....                   (no boots)
Stlth   ++........              (no amulet)
HPRegen 0.06/turn               (no ring)
MPRegen 0.10/turn               (no ring)

@: no status effects
A: sickness immunity, AC +3, negative energy resistance 1, electricity
resistance, torment resistance 1, petrification resistance
a: no special abilities


You were on level 2 of the Dungeon.
You visited 1 branch of the dungeon, and saw 2 of its levels.

You collected 58 gold pieces.

Inventory:

Hand Weapons
 a - a +0 short sword
Missiles
 c - 21 stones
Armour
 b - a +0 robe (worn)
Magical Staves
 h - a staff of air (weapon)
Scrolls
 f - a scroll of teleportation {unknown}
 g - a scroll of noise {unknown}
 j - a scroll of vulnerability {unknown}
Potions
 d - a potion of curing {unknown}
 e - a potion of berserk rage {unknown}
 i - a potion of degeneration {unknown}


   Skills:
 * Level 1.2 Fighting
 + Level 0.8 Armour
 + Level 1.8 Dodging
 - Level 2.1 Stealth
 * Level 2.4 Spellcasting
 * Level 1.0 Conjurations
 - Level 0.7 Transmutations
 * Level 4.0 Earth Magic


You had 2 spell levels left.
You knew the following spells:

 Your Spells              Type           Power      Damage    Failure   Level
a - Sandblast             Erth           30%        2d9       3%          1
b - Stone Arrow           Conj/Erth      20%        3d8       19%         3

Your spell library contained the following spells:

 Spells                   Type           Power      Damage    Failure   Level
 Passwall                 Tmut/Erth      8%         N/A       11%         2
 Beastly Appendage        Tmut           8%         N/A       14%         1
 Wereblood                Tmut           4%         N/A       22%         2
 Spider Form              Tmut/Pois      3%         N/A       43%         3
 Petrify                  Tmut/Erth      10%        N/A       56%         4


Dungeon Overview and Level Annotations

Branches:
Dungeon (2/15)

Altars:

Annotations:
D:2 Robin


Innate Abilities, Weirdness & Mutations

You are immune to sickness and miasma.
Your stone body is resilient. (AC +3)
You are immune to poison.
You resist negative energy. (rN+)
You are resistant to electric shocks. (rElec)
You are resistant to unholy torment.
You are immune to petrification.


Message History

Casting: Sandblast (safe; 3% risk of failure)
Confirm with . or Enter, or press ? or * to list all spells.
Aiming: Sandblast (safe; 3% risk of failure)
Press: ? - help, Shift-Dir - straight line, f - goblin
Aim: a goblin, wielding a +0 club (74% to hit)
The blast of sand misses the goblin.
You now have no stones remaining.
Unknown command.
Casting: Sandblast (safe; 3% risk of failure)
Confirm with . or Enter, or press ? or * to list all spells.
You don't have any stones to cast with.
Unknown command.
Casting: Sandblast (safe; 3% risk of failure)
Confirm with . or Enter, or press ? or * to list all spells.
You don't have any stones to cast with.
Unknown command. 2 goblins come into view.
The goblin shouts!
Robin of the Strong Arm comes into view.
They are wielding a +2 dagger of speed and carrying a wand of flame (20).
You see here 21 stones.
c - 21 stones The goblin misses you.
Robin roars a battlecry!
The goblins go into a battle-frenzy!
The goblin hits you with a +0 club. Robin throws the goblin at you!
You closely miss the goblin. The goblin closely misses you. x3
Robin throws the goblin at you! The goblin hits you with a +0 club.
The goblin barely misses you. The goblin closely misses you.
You barely miss the goblin. The goblin hits you with a +0 dagger.
Robin throws the goblin at you! The goblin hits you but does no damage.
The goblin completely misses you. The goblin hits you but does no damage.
The goblin closely misses you. The goblin hits you with a +0 club.
The goblin hits you but does no damage.
You barely miss the goblin. The goblin hits you with a +0 dagger.
* * * LOW HITPOINT WARNING * * *
The goblin misses you. The goblin barely misses you.
The goblin hits you with a +0 club.
* * * LOW HITPOINT WARNING * * *
The goblin hits you with a +0 club.
You die...

#...#.....).#...# #
#...###..<<.....# #
#####.......#...# #
#......##.#.#.###########
#.#.#.....#.#............
# #.#.#.......###########
.#.#.#..####.# .....#gg#
#.# ......g@####.#
......ggg..#.#
........)#.###
.....###.).# ..... ###)#
..... .. .### g## g# ..


You could see 6 goblins.

Vanquished Creatures
  An adder (D:2)
  A dart slug (D:1)
  2 endoplasms (D:1)
  2 giant cockroaches (D:1)
  7 goblins
  A hobgoblin (D:1)
  A quokka (D:1)
  3 bats
  3 frilled lizards (D:1)
  7 kobolds
  5 rats
33 creatures vanquished.

Notes
Turn   | Place    | Note
-------+----------+-------------------------------------------
     0 | D:1      | Kaptain the Gargoyle Earth Elementalist began the quest for
                  | the Orb.
     0 | D:1      | Reached XP level 1. HP: 10/10 MP: 3/3
   271 | D:1      | Reached XP level 2. HP: 16/16 MP: 5/5
   913 | D:1      | Reached skill level 1 in Fighting
   970 | D:1      | Reached XP level 3. HP: 20/20 MP: 3/6
   975 | D:1      | Learned a level 3 spell: Stone Arrow
  1019 | D:1      | Reached skill level 1 in Conjurations
  1362 | D:2      | Reached skill level 4 in Earth Magic
  1498 | D:2      | Noticed Robin
  1504 | D:2      | Slain by a goblin

Illustrated notes

Levels and vault maps discovered:
D:1:      psy_arrival_terrarium, layout_loops_ring
D:2:      layout_basic, uniq_robin, uniq_crazy_yiuf_cottage

Skill      XL: |  1  2  3 |
---------------+----------+-----
Fighting       | 1 |  1.2
Conjurations   | 1 |  1.0
Earth Magic    | 4 |  4.0
Armour         | |  0.8
Dodging        | |  1.8
Stealth        | |  2.1
Spellcasting   | |  2.4
Transmutations | |  0.7

Action                   || total
-------------------------++-------
Melee: Unarmed           ||    10
       Short sword       ||    30
       Punch             ||     1
       Staff             ||    14
 Cast: Sandblast         ||    34
Armor: Robe              ||    19
Dodge: Dodged            ||    43
